 Dungeon Crawl Stone Soup version 0.29-a0-389-gd8082fcd2d (webtiles) character file.

Game seed: 6853365924949522807

1423 BlueGoblin the Ruffian (level 8, -5/68 HPs)
             Began as a Naga Transmuter on May 8, 2022.
             Slain by an ice beast (13 damage)
             ... on level 5 of the Dungeon.
             The game lasted 00:23:26 (10160 turns).

BlueGoblin the Ruffian (Naga Transmuter)           Turns: 10160, Time: 00:23:27

Health: -5/68      AC:  2    Str: 13    XL:     8   Next: 72%
Magic:  17/20      EV: 19    Int: 15    God:
Gold:   347        SH:  0    Dex: 17    Spells: 2/11 levels left

rFire   . . .      SeeInvis +     - Unarmed
rCold   . . .      Faith    .   (shield currently unavailable)
rNeg    . . .      Spirit   .   (body armour currently unavailable)
rPois   x          Reflect  .   (helmet currently unavailable)
rElec   .          Harm     .   (cloak currently unavailable)
rCorr   .          Rampage  .   (gloves currently unavailable)
Will    +....                   (no barding)
Stlth   ++........              (no amulet)
HPRegen 0.21/turn               b - ring of magical power
MPRegen 0.17/turn               (no ring)

@: spider-form
A: venomous fangs, AC +2, tiny, see invisible, (deformed body), (poison
resistance), (slowness 2), spit poison 1, (naga tail 1)
a: Spit Poison, End Transformation


You were on level 5 of the Dungeon.
You were a venomous arachnid creature.
You visited 1 branch of the dungeon, and saw 6 of its levels.
You also visited: Sewer.

You collected 347 gold pieces.

Inventory:

Armour
 a - a +1 robe (melded)
 n - a +0 hat (melded)
 p - the +2 ratskin cloak {*Rats rPois rN+ Str-1 Int-1 Dex+1}
   (You found it on level 3 of the Dungeon)

   When the wearer is hurt, rats may emerge from it to assist them.
   Str:       It affects your strength (-1).
   Int:       It affects your intelligence (-1).
   Dex:       It affects your dexterity (+1).
   rPois:     It protects you from poison.
   rN:        It protects you from negative energy.
 s - a scarf of repulsion (melded)
Jewellery
 b - a ring of magical power (left front leg)
Wands
 j - a wand of acid (11)
 l - a wand of digging (1)
Scrolls
 h - a scroll of enchant armour
 i - a scroll of fog
 m - a scroll of teleportation
Potions
 c - 5 potions of degeneration
 e - 4 potions of flight
 f - 2 potions of mutation
 g - a potion of berserk rage {unknown}
 k - 2 potions of cancellation {unknown}
 o - a potion of brilliance {unknown}
 q - a potion of haste {unknown}
 r - a potion of magic {unknown}


   Skills:
 + Level 2.7 Fighting
 - Level 1.5 Dodging
 + Level 7.1 Unarmed Combat
 - Level 2.0 Spellcasting
 * Level 6.1 Transmutations
 * Level 0.2 Ice Magic
 - Level 6.3 Poison Magic


You had 2 spell levels left.
You knew the following spells:

 Your Spells              Type           Power      Damage    Failure   Level
a - Ice Form              Ice/Tmut       11%        N/A       73%         4
q - Wereblood             Tmut           20%        N/A       10%         2
s - Spider Form           Tmut/Pois      20%        N/A       16%         3

Your spell library contained the following spells:

 Spells                   Type           Power      Damage    Failure   Level
 Beastly Appendage        Tmut           40%        N/A       8%          1


Dungeon Overview and Level Annotations

Branches:
Dungeon (6/15)              Sewer (visited)
 Temple: D:4-7

Altars:
Kikubaaqudgha
Ru
Vehumet
Yredelemnul

Annotations:
D:4 2 transporters, nubinia's ghost, amateur SpEE


Innate Abilities, Weirdness & Mutations

You are a venomous arachnid creature.
You have poisonous fangs.
You are tiny and dextrous.
Your spellcasting is less reliable in this form.
Your armour is entirely melded.
You are incapable of wielding weapons or throwing items.
((Your serpentine skin is tough. (AC +2)))
You have supernaturally acute eyesight. (SInv)
((Armour fits poorly on your strangely shaped body.))
((Your system is resistant to poisons. (rPois)))
((You cover ground very slowly.))
You can spit poison.
((You have a snake-like lower body.))


Message History

You completely miss the jelly.
The jelly is heavily wounded.
The ice beast attacks as you move away! The ice beast misses you.
Your transformation is almost over.
You hit the jelly.
Your front legs burn!
* * * LOW HITPOINT WARNING * * *
The jelly is severely wounded.
The jelly misses you.
You hit the jelly.
You kill the jelly!
You barely miss the ice beast. The ice beast misses you.
You hit the ice beast.
The ice beast is moderately wounded.
The ice beast barely misses you.
You hit the ice beast.
The ice beast is poisoned.
The ice beast is moderately wounded.
The ice beast hits you.
* * * LOW HITPOINT WARNING * * *
The ice beast freezes you!
* * * LOW HITPOINT WARNING * * *
The ice beast attacks as you move away!
The ice beast hits you but does no damage.
Your transformation has ended.
Your scarf of repulsion unmelds from your body.
Your +0 hat unmelds from your body.
Your +1 robe unmelds from your body.
You are surrounded by a repulsion field.
You are too injured to fight recklessly!
Casting: Spider Form (dangerous; 5% risk of failure)
Press: ? - help, Q - select action, (/) - cycle Dir - look around, f - activate You turn into a venomous arachnid creature.
Your scarf of repulsion melds into your body.
Your +0 hat melds into your body.
Your +1 robe melds into your body.
The haze of the repulsion field disappears.
The ice beast completely misses you. The ice beast attacks as you move away!
The ice beast misses you. The ice beast attacks as you move away!
The ice beast closely misses you. The ice beast attacks as you move away!
The ice beast hits you.
* * * LOW HITPOINT WARNING * * *
The ice beast freezes you!
You die...

#.......#.#.# #....##.#.#รท##
##.#.........##
#.#.##.#>....###########
####.#.##.................#
######.)#.#.#####..###########.#
........#.#.# #..# #.#
.#.#.#......#####..# ##.##
.........[.....Ys..## #?..#
...#...#...######...## #....
.#...#....## ##.....## ##....
.......(#.# ##.......## ##.###.
#.._..#...####.........####...##.
........#.#..'.........'.......#.
.#.[.#....####.........####...##.
...#...#..## ##.......## ##.###.
...........# ##.....## ### #.


You could see an ice beast (very poisoned).

Vanquished Creatures
  A human (D:5)
  An acid dragon (D:5)
  Duvessa (D:5)
  An ogre (D:2)
  A black bear (D:5)
  A bullfrog (D:6)
  2 scorpions
  Dowan (D:5)
  A centaur zombie (D:6)
  An orc priest (D:4)
  A hound (D:3)
  2 jellies
  A bullfrog skeleton (D:6)
  2 orc wizards
  2 iguanas
  10 gnolls (D:4)
  8 adders
  7 river rats
  3 worms
  5 dart slugs
  14 orcs
  8 bats
  11 endoplasms
  3 giant cockroaches
  7 goblins
  9 hobgoblins
  13 jackals
  6 kobolds
  4 quokkas
  17 ball pythons
  5 frilled lizards
  2 kobold zombies (D:5)
  4 rats
155 creatures vanquished.

Vanquished Creatures (collateral kills)
  A hobgoblin (D:4)
1 creature vanquished.

Grand Total: 156 creatures vanquished

Notes
Turn   | Place    | Note
-------+----------+-------------------------------------------
     0 | D:1      | BlueGoblin the Naga Transmuter began the quest for the Orb.
     0 | D:1      | Reached XP level 1. HP: 18/18 MP: 3/3
   530 | D:1      | Reached XP level 2. HP: 12/25 MP: 3/5
   533 | D:1      | Learned a level 2 spell: Wereblood
  1424 | D:1      | Reached XP level 3. HP: 23/31 MP: 4/6
  1428 | D:1      | Learned a level 3 spell: Spider Form
  2354 | D:2      | HP: 1/46 [orc/+0 trident (2)]
  2355 | D:2      | Reached skill level 4 in Unarmed Combat
  2355 | D:2      | Reached XP level 4. HP: 1/38 MP: 7/7
  2647 | D:2      | Found a faded altar of an unknown god.
  3008 | D:2      | Found a basalt altar of Yredelemnul.
  3012 | D:2      | Reached skill level 1 in Poison Magic
  3144 | D:2      | Noticed an ogre
  3304 | D:2      | Killed an ogre
  3305 | D:2      | Reached XP level 5. HP: 27/45 MP: 6/8
  4006 | D:3      | Found a glowing drain.
  4069 | Sewer    | Entered a sewer
  4116 | Sewer    | Reached XP level 6. HP: 52/52 MP: 9/9
  4694 | Sewer    | Reached skill level 5 in Unarmed Combat
  5773 | D:3      | Found a sacrificial altar of Ru.
  5789 | D:3      | Found the +2 ratskin cloak {*Rats rPois rN+ Str-1 Int-1
                  | Dex+1}
  5862 | D:3      | Found an ancient bone altar of Kikubaaqudgha.
  6467 | D:3      | Learned a level 4 spell: Ice Form
  6674 | D:4      | Reached XP level 7. HP: 10/60 MP: 10/10
  7125 | D:4      | Reached skill level 5 in Transmutations
  7718 | D:4      | Found a transporter.
  7718 | D:4      | Noticed nubinia's ghost (amateur SpEE)
  7743 | D:4      | Found a transporter.
  8140 | D:5      | Entered Level 5 of the Dungeon
  8189 | D:5      | Noticed Dowan
  8190 | D:5      | Noticed Duvessa
  8198 | D:5      | Killed Duvessa
  8206 | D:5      | Killed Dowan
  8384 | D:5      | Found a radiant altar of Vehumet.
  8427 | D:5      | Reached skill level 5 in Poison Magic
  8427 | D:5      | Reached XP level 8. HP: 67/68 MP: 11/11
  8578 | D:5      | Reached skill level 6 in Unarmed Combat
  8913 | D:5      | Found a runed translucent door.
  8915 | D:5      | Found a basalt altar of Yredelemnul.
  9766 | D:6      | Reached skill level 7 in Unarmed Combat
 10160 | D:5      | Slain by an ice beast

Illustrated notes

Levels and vault maps discovered:
D:1:      matt_arrival_los_fun, layout_loops_ring
D:2:      layout_basic, basic_altar, hellmonk_ecumenical_altar_prayer_group
D:3:      layout_basic, nicolae_kikubaaqudgha_miasma_corner,
          nicolae_ru_path_of_blood, portal_sewer_entry_a
D:4:      layout_basic, gammafunk_ghost_smash, st_stairs_7
D:5:      layout_loops_corners, nicolae_vehumet_radiance, dk_yredelemnul_ordeal,
          uniq_duvessa
D:6:      layout_basic, serial_undead, serial_undead_c, serial_undead_a,
          serial_undead_b, serial_undead_a

Skill      XL: |  1  2  3  4  5  6  7  8 |
---------------+-------------------------+-----
Unarmed Combat | 4 5 7 |  7.1
Transmutations | 3 4 5 6 |  6.1
Poison Magic   | 1 2 5 6 |  6.3
Fighting       | 2 |  2.7
Dodging        | |  1.5
Spellcasting   | |  2.0
Ice Magic      | |  0.2

Action                   |  1- 3 |  4- 6 |  7- 9 || total
-------------------------+-------+-------+-------++-------
Melee: Unarmed           |    83 |   225 |   150 ||   458
       Headbutt          |    11 |     8 |       ||    19
       Punch             |     2 |     3 |     2 ||     7
 Cast: Beastly Appendage |    19 |    15 |       ||    34
       Spider Form       |       |    30 |    24 ||    54
       Wereblood         |       |       |     3 ||     3
 Abil: Spit Poison       |     2 |     5 |     1 ||     8
       End Transformatio |       |       |     2 ||     2
Evoke: Wand              |       |       |     4 ||     4
  Use: Scroll            |     3 |    11 |     3 ||    17
       Potion            |     1 |     2 |     3 ||     6
 Stab: Sleeping          |       |     3 |       ||     3
Armor: Robe              |    13 |    50 |    16 ||    79
       Skin              |     8 |    32 |    10 ||    50
Dodge: Dodged            |    24 |   221 |   154 ||   399

Table legend: (Time is in decaauts)
 A = Elapsed time spent in this place.
 B = Non-inter-level travel time spent in this place.
 C = Inter-level travel time spent in this place.
 D = Time resting spent in this place.
 E = Time spent auto-exploring this place.
 F = Levels seen in this place.
 G = Mean time per level.
                   A        B        C        D        E       F      G
               +--------+--------+--------+--------+--------+-----+--------+
         Total |  12047 |  11355 |    692 |   2112 |   7778 |   7 | 1721.0 |
       Dungeon |  10708 |  10016 |    692 |   2084 |   6712 |   6 | 1784.7 |
         Sewer |   1339 |   1339 |      0 |     28 |   1066 |   1 | 1339.0 |
               +--------+--------+--------+--------+--------+-----+--------+

Top non-repeatable levels by time:
     D:1: 2443 daAuts
     D:5: 2269 daAuts
     D:2: 2215 daAuts
     D:3: 1881 daAuts
     D:4: 1814 daAuts
   Sewer: 1339 daAuts
     D:6: 83 daAuts
